 Dungeon Crawl Stone Soup version 0.30-a0-325-gb515db48ae (webtiles) character file.

Game seed: 3039378572079150101

7 Devinter the Ducker (level 2, -4/19 HPs)
             Began as a Merfolk Wanderer on Oct 28, 2022.
             Slain by a hobgoblin
             ... wielding a +0 long sword
              (11 damage)
             ... on level 1 of the Dungeon.
             The game lasted 00:02:14 (153 turns).

Devinter the Ducker (Merfolk Wanderer)               Turns: 153, Time: 00:02:14

Health: -4/19      AC:  3    Str: 10    XL:     2   Next: 4%
Magic:  1/3        EV: 14    Int: 10    God:
Gold:   0          SH:  0    Dex: 16    Spells: 2/3 levels left

rFire   . . .      SeeInvis .    a - +0 sling
rCold   . . .      Faith    .    (no shield)
rNeg    . . .      Spirit   .    d - +0 robe
rPois   .          Reflect  .    (no helmet)
rElec   .          Harm     .    b - +0 cloak
rCorr   .          Rampage  .    (no gloves)
Will    .....                    (no boots)
Stlth   +.........               (no amulet)
HPRegen 0.23/turn                (no ring)
MPRegen 0.08/turn                (no ring)

@: no status effects
A: (nimble swimmer 2), mertail
a: no special abilities


You were on level 1 of the Dungeon.
You visited 1 branch of the dungeon, and saw 1 of its levels.

Inventory:

Hand Weapons
 a - a +0 sling (weapon)
Armour
 b - a +0 cloak (worn)
 d - a +0 robe (worn)
Scrolls
 c - a scroll of vulnerability
Potions
 e - a potion of heal wounds {unknown}


   Skills:
 + Level 1.7 Ranged Weapons
 + Level 4.2 Dodging
 + Level 1.2 Spellcasting
 + Level 4.1 Summonings


You had 2 spell levels left.
You knew the following spells:

 Your Spells              Type           Power      Damage    Failure   Level
a - Summon Small Mammal   Summ           32%        N/A       6%          1

Your spell library contained the following spells:

 Spells                   Type           Power      Damage    Failure   Level
 Animate Armour           Summ/Erth      8%         N/A       82%         4
 Summon Ice Beast         Ice/Summ       4%         N/A       82%         4


Dungeon Overview and Level Annotations

Branches:
Dungeon (1/15)

Altars:


Innate Abilities, Weirdness & Mutations

((You are very nimble when in or above water. (Stealth+, EV+, Speed+++)))
Your lower body shifts to a powerful aquatic tail in water.


Message History

Your bat hits the hobgoblin but does no damage.
Fire: a) +0 sling
Press: ? - help, Q - select action, (/) - cycle Shift-Dir - straight line, f - hobgoblin
Aim: a hobgoblin, wielding a +0 long sword and wearing a +0 scale mail (ally target, 60% to hit)
You shoot a sling bullet.
The sling bullet hits the hobgoblin but does no damage.
Your bat barely misses the hobgoblin.
The hobgoblin hits you with a +0 long sword!
The hobgoblin closely misses you.
Fire: a) +0 sling
Press: ? - help, Q - select action, (/) - cycle Shift-Dir - straight line, f/p - hobgoblin
Aim: a hobgoblin, wielding a +0 long sword and wearing a +0 scale mail (ally target, 60% to hit)
You shoot a sling bullet.
The sling bullet barely misses the hobgoblin.
Your bat barely misses the hobgoblin. x2; The hobgoblin closely misses you.
Fire: a) +0 sling
Press: ? - help, Q - select action, (/) - cycle Shift-Dir - straight line, f/p - hobgoblin
Aim: a hobgoblin, wielding a +0 long sword and wearing a +0 scale mail (ally target, 60% to hit)
You shoot a sling bullet.
The sling bullet closely misses the hobgoblin.
Your bat hits the hobgoblin but does no damage.
The hobgoblin misses you.
Fire: a) +0 sling
Press: ? - help, Q - select action, (/) - cycle Shift-Dir - straight line, f/p - hobgoblin
Aim: a hobgoblin, wielding a +0 long sword and wearing a +0 scale mail (ally target, 60% to hit)
You shoot a sling bullet.
The sling bullet hits the hobgoblin but does no damage.
Your bat hits the hobgoblin but does no damage.
The hobgoblin closely misses you.
The hobgoblin hits you with a +0 long sword.
* * * LOW HITPOINT WARNING * * *
Fire: a) +0 sling
Press: ? - help, Q - select action, (/) - cycle Shift-Dir - straight line, f/p - hobgoblin
Aim: a hobgoblin, wielding a +0 long sword and wearing a +0 scale mail (ally target, 60% to hit)
You shoot a sling bullet.
The sling bullet hits the hobgoblin but does no damage.
Your bat hits the hobgoblin but does no damage.
The hobgoblin hits you with a +0 long sword!
Ouch! That really hurt!
You die...

#..≈#..8#~♣~#'#~♣~#8.>#
#..≈######♣##'##♣######
#..≈≈≈≈≈≈≈≈≈≈.≈≈≈≈≈≈≈
#.......####.†.......
#............#.######
#....b..####.#.##
#.#.#......#....#
#.##........#
#g@..#......#
#[...#########.## #.#..
.# #.# .# .. .. #.. ..
.. ...


You could see a hobgoblin (ally target) and a friendly bat (summoned).

Vanquished Creatures
  4 jackals (D:1)
  A frilled lizard (D:1)
5 creatures vanquished.

Vanquished Creatures (collateral kills)
  A ball python (D:1)
1 creature vanquished.

Grand Total: 6 creatures vanquished

Notes
Turn   | Place    | Note
-------+----------+-------------------------------------------
     0 | D:1      | Devinter the Merfolk Wanderer began the quest for the Orb.
     0 | D:1      | Devinter set off with the following items: a +0 sling, a +0
                  | cloak, a scroll of vulnerability, a +0 robe; and the
                  | following spell memorised: Summon Small Mammal; and the
                  | following spells available to memorise: Animate Armour,
                  | Summon Ice Beast.
     0 | D:1      | Reached XP level 1. HP: 13/13 MP: 2/2
   146 | D:1      | Reached XP level 2. HP: 18/19 MP: 0/3
   153 | D:1      | Slain by a hobgoblin

Illustrated notes

Levels and vault maps discovered:
D:1:      saegor_arrival_fortress, layout_basic,
          shapermc_ecumenical_altar_mp_urbaneastern, minmay_misc_feat_iff,
          minmay_split_cup_small

Action                   || total
-------------------------++-------
 Fire: Sling             ||    26
 Cast: Summon Small Mamm ||     3
Armor: Robe              ||     4
Dodge: Dodged            ||    21

Table legend: (Time is in decaauts)
 A = Elapsed time spent in this place.
 B = Non-inter-level travel time spent in this place.
 C = Inter-level travel time spent in this place.
 D = Time resting spent in this place.
 E = Time spent auto-exploring this place.
 F = Levels seen in this place.
 G = Mean time per level.
                   A        B        C        D        E       F      G
               +--------+--------+--------+--------+--------+-----+--------+
         Total |    161 |    161 |      0 |      9 |      0 |   1 |  161.0 |
       Dungeon |    161 |    161 |      0 |      9 |      0 |   1 |  161.0 |
               +--------+--------+--------+--------+--------+-----+--------+

Top non-repeatable levels by time:
     D:1: 161 daAuts
